 Dungeon Crawl Stone Soup version 0.31-a0-986-g5e6e4ef867 (webtiles) character file.

Game seed: 9017683449887589203

219 Dittersdorf the Shield-Bearer (level 6, -5/48 HPs)
             Began as a Human Fighter on Nov 9, 2023.
             Slain by Crazy Yiuf
             ... wielding a +4 quarterstaff of chaos
              (8 damage)
             ... on level 2 of the Dungeon.
             The game lasted 00:01:12 (1587 turns).

Dittersdorf the Shield-Bearer (Human Fighter)       Turns: 1587, Time: 00:01:12

Health: -5/48      AC:  9    Str: 19    XL:     6   Next: 18%
Magic:  6/6        EV:  9    Int: 14    God:
Gold:   90         SH:  5    Dex: 12    Spells: 5/5 levels left

rFire   . . .        a - +0 long sword
rCold   + . .        c - +0 buckler
rNeg    . . .        p - +1 scale mail {rC+}
rPois   .            (no helmet)
rElec   .            (no cloak)
rCorr   .            i - +0 pair of gloves
SInv    .            (no boots)
Will    .....        (no amulet) Stlth
                     o - +6 ring of intelligence
HPRegen 0.28/turn    (no ring)
MPRegen 0.10/turn

%: no passive effects
@: lethally poisoned (-5 -> -13)
A: no striking features
a: no special abilities


You were on level 2 of the Dungeon.
You visited 1 branch of the dungeon, and saw 2 of its levels.

You collected 90 gold pieces.

Inventory:

Hand Weapons
 a - a +0 long sword (weapon)
Armour
 c - a +0 buckler (worn)
 i - a +0 pair of gloves (worn)
 p - a +1 scale mail of cold resistance (worn)
Jewellery
 o - a +6 ring of intelligence (left hand)
Scrolls
 b - 3 scrolls of enchant weapon {unknown}
 h - a scroll of amnesia {unknown}
 k - a scroll of teleportation {unknown}
 l - 2 scrolls of identify {unknown}
 m - a scroll of silence {unknown}
 n - a scroll of blinking {unknown}
Potions
 d - a potion of might
 e - a potion of attraction {unknown}
 f - a potion of mutation {unknown}
 j - a potion of cancellation {unknown}


   Skills:
 + Level 4.0 Fighting
 + Level 3.3 Long Blades
 + Level 4.1 Armour
 + Level 4.1 Shields


You had 5 spell levels left.
You didn't know any spells.
Your spell library contained the following spells:

 Spells                   Type           Power      Damage    Failure   Level
 Foxfire                  Conj/Fire      0%         2x1d4     71%         1
 Plasma Beam              Fire/Air       0%         2x1d10    100%        6
 Starburst                Conj/Fire      0%         6d3       100%        6


Dungeon Overview and Level Annotations

Branches:
Dungeon (2/15)

Altars:

Annotations:
D:2 Crazy Yiuf


Message History

No target in view!
No target in view!
No target in view!
No target in view!
No target in view!
No target in view!
No target in view!
No target in view!
No target in view!
No target in view!
You see here a quokka corpse.
You see here a +0 whip of electrocution.
You enter the shallow water.
Moving in this stuff is going to be slow.
You enter the shallow water.
Moving in this stuff is going to be slow.
Key pressed, stopping explore.
Things that are here:
a +0 chain mail; a +1 flail of protection Crazy Yiuf shouts!
Could not explore, unopened runed door.
Could not explore, unopened runed door.
You open the door. You hit Crazy Yiuf.
Crazy Yiuf is moderately wounded.
Crazy Yiuf hits you with a +4 quarterstaff of chaos.
Crazy Yiuf burns you.
You hit Crazy Yiuf.
Crazy Yiuf is heavily wounded.
Crazy Yiuf hits you with a +4 quarterstaff of chaos!
You are poisoned.
You closely miss Crazy Yiuf.
Crazy Yiuf is heavily wounded.
You feel very sick.
Crazy Yiuf hits you with a +4 quarterstaff of chaos!
You are electrocuted!!
* * * LOW HITPOINT WARNING * * *
Crazy Yiuf screams, "Whippet!
Snurf ladder sing-song."
Crazy Yiuf hits you with a +4 quarterstaff of chaos!
You die...

############# #...........#
###########.# ########..
#......... ###### ###
#.#######. ##...P## ###..)#
#.# #. #.....P####@g...#
#.# #. #.....P.#..##...#
#.# #. #......#.### ### #.#
#. ##[####### #.#######.
#.# #.........
#.################.........
#.....#.........#.########.
#####...##.....##.# #.
###.#########.## #.


You could see Crazy Yiuf.

Vanquished Creatures
  Sigmund (D:2)
  Terence (D:2)
  A dart slug (D:1)
  An orc (D:2)
  3 ball pythons
  2 bats
  An endoplasm (D:2)
  A giant cockroach (D:1)
  2 quokkas (D:2)
  A frilled lizard (D:2)
  2 goblins (D:2)
  5 kobolds
  3 rats
24 creatures vanquished.

Notes
Turn   | Place    | Note
-------+----------+-------------------------------------------
     0 | D:1      | Dittersdorf the Human Fighter began the quest for the Orb.
     0 | D:1      | Reached XP level 1. HP: 18/18 MP: 1/1
   240 | D:1      | Reached XP level 2. HP: 22/24 MP: 2/2
   927 | D:2      | Reached XP level 3. HP: 28/29 MP: 3/3
   992 | D:2      | Noticed Sigmund
  1017 | D:2      | Killed Sigmund
  1018 | D:2      | Reached XP level 4. HP: 23/37 MP: 4/4
  1018 | D:2      | Reached XP level 5. HP: 26/42 MP: 5/5
  1018 | D:2      | Reached XP level 6. HP: 30/48 MP: 6/6
  1144 | D:2      | Noticed Terence
  1155 | D:2      | Killed Terence
  1198 | D:2      | Found a runed translucent door.
  1199 | D:2      | Noticed Crazy Yiuf
  1587 | D:2      | Slain by Crazy Yiuf

Illustrated notes

Levels and vault maps discovered:
D:1:      dpeg_arrival_tiny_j, layout_loops_ring
D:2:      layout_loops_ring, chequers_serial_rivers_large_a, uniq_sigmund,
          uniq_crazy_yiuf_cottage, uniq_terence

Skill      XL: |  1  2  3 |
---------------+----------+-----
Fighting       | 4 |  4.0
Long Blades    | 3 |  3.3
Armour         | 4 |  4.1
Shields        | 4 |  4.1

Action                     |  1- 3 |  4- 6 || total
---------------------------+-------+-------++-------
  Melee: Long sword        |    62 |    35 ||    97
 Armour: Scale mail        |     8 |    19 ||    27
         Chain mail        |    34 |     5 ||    39
  Dodge: Dodged            |    21 |    20 ||    41
  Block: Buckler           |    11 |     8 ||    19

Table legend: (Time is in decaauts)
 A = Elapsed time spent in this place.
 B = Non-inter-level travel time spent in this place.
 C = Inter-level travel time spent in this place.
 D = Time resting spent in this place.
 E = Time spent auto-exploring this place.
 F = Levels seen in this place.
 G = Mean time per level.
                   A        B        C        D        E       F      G
               +--------+--------+--------+--------+--------+-----+--------+
         Total |   1626 |   1545 |     81 |     26 |   1262 |   2 |  813.0 |
       Dungeon |   1626 |   1545 |     81 |     26 |   1262 |   2 |  813.0 |
               +--------+--------+--------+--------+--------+-----+--------+

Top non-repeatable levels by time:
     D:2: 920 daAuts
     D:1: 706 daAuts
